 Dungeon Crawl Stone Soup version 0.28-a0-724-g66f9036eb4 (webtiles) character file.

Game seed: 1384526447519928649

428 KoroneIsBestGirl the Skirmisher (level 6, -5/71 HPs)
             Began as an Ogre Fighter on Oct 26, 2021.
             Slain by a gnoll (6 damage)
             ... on level 3 of the Dungeon.
             The game lasted 00:03:47 (5033 turns).

KoroneIsBestGirl the Skirmisher (Ogre Fighter)      Turns: 5033, Time: 00:03:48

Health: -5/71      AC:  7    Str: 22    XL:     6   Next: 98%
Magic:  6/6        EV:  8    Int: 10    God:
Gold:   111        SH:  7    Dex:  8    Spells: 5/5 levels left

rFire   + . .      SeeInvis .   a - +0 trident
rCold   . . .      Faith    .   c - +0 kite shield
rNeg    . . .      Spirit   .   b - +0 robe
rPois   .          Reflect  .   (helmet restricted)
rElec   .          Harm     .   l - scarf {repulsion}
rCorr   .          Rampage  .   (gloves unavailable)
Will    .....                   (boots unavailable)
Stlth   +.........              (no amulet)
HPRegen 0.21/turn               e - ring of protection from fire
MPRegen 0.10/turn               p - +4 ring of protection

@: repel missiles
A: large, unfitting armour, tough skin 1
a: no special abilities


You were on level 3 of the Dungeon.
You visited 1 branch of the dungeon, and saw 6 of its levels.

You collected 111 gold pieces.

Inventory:

Hand Weapons
 a - a +0 trident (weapon)
 d - a +3 quarterstaff of chaos
Missiles
 h - 98 stones (quivered)
Armour
 b - a +0 robe (worn)
 c - a +0 kite shield (worn)
 l - a scarf of repulsion (worn)
Jewellery
 e - a ring of protection from fire (left hand)
 j - a ring of fire
 n - a ring of willpower
 p - a +4 ring of protection (right hand)
Wands
 m - a wand of iceblast (10)
 o - a wand of paralysis (4)
Scrolls
 f - a scroll of magic mapping {unknown}
 k - a scroll of enchant armour {unknown}
 q - 2 scrolls of teleportation {unknown}
 s - 2 scrolls of identify {unknown}
Potions
 g - 2 potions of haste {unknown}
 i - 3 potions of curing
 r - a potion of cancellation


   Skills:
 * Level 7.0 Fighting
 + Level 3.6 Polearms
 + Level 3.8 Dodging
 + Level 3.9 Shields


You had 5 spell levels left.
You didn't know any spells.
Your spell library contained the following spells:

 Spells                   Type           Power      Damage    Failure   Level
 Slow                     Hex            0%         N/A       86%         2
 Sublimation of Blood     Necr           0%         N/A       86%         2
 Wereblood                Tmut           0%         N/A       86%         2
 Confusing Touch          Hex            0%         N/A       98%         3
 Vampiric Draining        Necr           0%         2d6       98%         3
 Freezing Cloud           Conj/Ice/Air   0%         6-21      100%        5
 Simulacrum               Ice/Necr       0%         N/A       100%        6
 Summon Hydra             Summ           0%         N/A       100%        7
 Polar Vortex             Ice            0%         N/A       100%        9


Dungeon Overview and Level Annotations

Branches:
Dungeon (6/15)
 Temple: D:4-7

Altars:
Kikubaaqudgha


Innate Abilities, Weirdness & Mutations

You are too large for most types of armour.
You have tough skin. (AC +1)


Message History

Reach: a) +0 trident
Press: ? - help, Dir - move target, f/p - gnoll
Aim: a gnoll, wielding a +2 flail of protection (about 39% to evade your +0 trident)
You hit the gnoll.
The gnoll is moderately wounded.
The gnoll barely misses you. x2
Reach: a) +0 trident
Press: ? - help, Dir - move target, f/p - gnoll
Aim: a gnoll, wielding a +2 flail of protection (lightly wounded, about 39% to evade your +0 trident)
You hit the gnoll but do no damage.
The gnoll is lightly wounded.
The gnoll closely misses you.
Reach: a) +0 trident
Press: ? - help, Dir - move target, f/p - gnoll
Aim: a gnoll, wielding a +2 flail of protection (lightly wounded, about 39% to evade your +0 trident)
You hit the gnoll.
The gnoll is moderately wounded.
You block the gnoll's attack.
Reach: a) +0 trident
Press: ? - help, Dir - move target, f/p - gnoll
Aim: a gnoll, wielding a +2 flail of protection (moderately wounded, about 39% to evade your +0 trident)
You barely miss the gnoll.
The gnoll is moderately wounded.
The gnoll closely misses you.
The gnoll hits you with a +2 flail of protection!
* * * LOW HITPOINT WARNING * * *
Reach: a) +0 trident
Press: ? - help, Dir - move target, f/p - gnoll
Aim: a gnoll, wielding a +2 flail of protection (moderately wounded, about 39% to evade your +0 trident)
You hit the gnoll.
The gnoll is heavily wounded.
The gnoll hits you with a +2 flail of protection!
* * * LOW HITPOINT WARNING * * *
Reach: a) +0 trident
Press: ? - help, Dir - move target, f/p - gnoll
Aim: a gnoll, wielding a +2 flail of protection (heavily wounded, about 39% to evade your +0 trident)
You hit the gnoll but do no damage.
The gnoll is heavily wounded.
The gnoll hits you with a +2 flail of protection.
You die...

### ###.# ##.....##
#.... # #.# ##...##
#.### #
#.#######'## #.# #
#.........# #.# #
#(.#####..# #.# #
#..### #..## #.# #
#....###...## #.# #
##.#)##.....####
#.# #
#.#.@.........###.#
#..g.....####.....#
########## #######


You could see a gnoll.

Vanquished Creatures
  A necrophage (D:5)
  Blork the orc (D:5)
  A gnoll sergeant (D:6)
  A hound (D:5)
  A jelly (D:5)
  Crazy Yiuf (D:2)
  A scorpion zombie (D:5)
  A hound zombie (D:5)
  3 gnolls
  An adder (D:2)
  2 dart slugs
  4 goblins
  6 jackals
  9 quokkas
  6 ball pythons
  2 bats
  A frilled lizard (D:1)
  4 kobolds
  3 rats
49 creatures vanquished.

Notes
Turn   | Place    | Note
-------+----------+-------------------------------------------
     0 | D:1      | KoroneIsBestGirl the Ogre Fighter began the quest for the
                  | Orb.
     0 | D:1      | Reached XP level 1. HP: 24/24 MP: 1/1
   110 | D:1      | Found a faded altar of an unknown god.
   151 | D:1      | Reached XP level 2. HP: 19/32 MP: 2/2
  1334 | D:2      | Reached XP level 3. HP: 30/40 MP: 3/3
  1739 | D:2      | Found a runed translucent door.
  1740 | D:2      | Noticed Crazy Yiuf
  2387 | D:2      | Killed Crazy Yiuf
  2388 | D:2      | Reached skill level 5 in Fighting
  2388 | D:2      | Reached XP level 4. HP: 31/50 MP: 4/4
  2823 | D:3      | You fall into a shaft and drop 2 floors!
  2823 | D:5      | Entered Level 5 of the Dungeon
  3034 | D:5      | Reached XP level 5. HP: 52/59 MP: 5/5
  3042 | D:5      | Identified the +5 plate armour of the Barber Surgeon
                  | {Rampage *Slow +Blink rN+++}
  3162 | D:5      | Found an ancient bone altar of Kikubaaqudgha.
  3169 | D:5      | Noticed a necrophage
  3171 | D:5      | Noticed Blork the orc
  3182 | D:5      | Killed a necrophage
  3183 | D:5      | Reached skill level 6 in Fighting
  3183 | D:5      | Reached XP level 6. HP: 35/67 MP: 6/6
  3187 | D:5      | Killed Blork the orc
  4395 | D:4      | Reached skill level 7 in Fighting
  5032 | D:3      | HP: 1/71 [gnoll (12)]
  5033 | D:3      | Slain by a gnoll

Illustrated notes

Levels and vault maps discovered:
D:1:      eino_arrival_tree_alley, layout_basic,
          hellmonk_ecumenical_altar_crossroads, serial_curves, eino_curves_04,
          eino_curves_01, eino_curves_01, eino_curves_03, minmay_pentomino_w4
D:2:      layout_loops_corners, uniq_crazy_yiuf_cottage
D:3:      layout_loops_corners
D:4:      layout_cave_pods, serial_rivers, chequers_serial_rivers_micro_e,
          chequers_serial_rivers_micro_a, chequers_serial_rivers_micro_a,
          chequers_serial_rivers_small_3, chequers_serial_rivers_small_3,
          chequers_serial_rivers_marsh, minivault_1, nicolae_shop_self_help
D:5:      layout_rooms, overflow_temple_1_default, enter_ossuary_2,
          serial_corexii_hall, chequers_hall_statues_wall_a,
          corexii_hall_statues_t, corexii_hall_statues_t, uniq_blork_the_orc
D:6:      layout_loops_cross, mainiacjoe_overflow_brackets, serial_shops, shop

Skill      XL: |  1  2  3  4  5  6 |
---------------+-------------------+-----
Shields        | 3 |  3.9
Dodging        | 3 |  3.8
Fighting       | 5 6 7 |  7.0
Polearms       | 3 |  3.6

Action                   |  1- 3 |  4- 6 || total
-------------------------+-------+-------++-------
Melee: Trident           |    86 |   115 ||   201
Throw: Stone             |       |     3 ||     3
  Use: Potion            |     1 |     2 ||     3
 Stab: Sleeping          |     1 |       ||     1
Armor: Robe              |    26 |    36 ||    62
Dodge: Dodged            |    46 |    54 ||   100
       Repelled          |       |     1 ||     1
Block: Kite shield       |    37 |    44 ||    81

Table legend: (Time is in decaauts)
 A = Elapsed time spent in this place.
 B = Non-inter-level travel time spent in this place.
 C = Inter-level travel time spent in this place.
 D = Time resting spent in this place.
 E = Time spent auto-exploring this place.
 F = Levels seen in this place.
 G = Mean time per level.
                   A        B        C        D        E       F      G
               +--------+--------+--------+--------+--------+-----+--------+
         Total |   5103 |   4951 |    152 |    770 |   3659 |   6 |  850.5 |
       Dungeon |   5103 |   4951 |    152 |    770 |   3659 |   6 |  850.5 |
               +--------+--------+--------+--------+--------+-----+--------+

Top non-repeatable levels by time:
     D:2: 1574 daAuts
     D:5: 1250 daAuts
     D:1: 1030 daAuts
     D:3: 865 daAuts
     D:4: 295 daAuts
     D:6: 86 daAuts
